 Dungeon Crawl Stone Soup version 0.29.1-15-g9cfb28693d (webtiles) character file.

Game seed: 5621253560587422061

0 croobank the Sneak (level 1, 0/16 HPs)
             Began as an Octopode Delver on Feb 28, 2023.
             Slain by a white imp (1 damage)
             ... on level 5 of the Dungeon.
             The game lasted 00:01:18 (83 turns).

croobank the Sneak (Octopode Delver)                  Turns: 83, Time: 00:01:18

Health: 0/16       AC:  1    Str: 11    XL:     1   Next: 10%
Magic:  1/1        EV: 13    Int: 12    God:
Gold:   0          SH:  0    Dex: 13    Spells: 0/0 levels left

rFire   . . .      SeeInvis .   a - +0 hand axe
rCold   . . .      Faith    .   (no shield)
rNeg    . . .      Spirit   .   (helmet restricted)
rPois   .          Reflect  .   (no amulet)
rElec   .          Harm     .   (no ring)
rCorr   .          Rampage  .   (no ring)
Will    .....                   (no ring)
Stlth   ++++......              (no ring)
HPRegen 0.05/turn               (no ring)
MPRegen 0.07/turn               (no ring)
                                (no ring)
                                (no ring)

@: hasted, very quick
A: almost no armour, amphibious, 8 rings, camouflage 1, gelatinous body 1,
(nimble swimmer 1), tentacles
a: no special abilities


You were on level 5 of the Dungeon.
You visited 1 branch of the dungeon, and saw 2 of its levels.

Inventory:

Hand Weapons
 a - a +0 hand axe (weapon)
 g - a +0 war axe
Wands
 f - a wand of digging (3)
Scrolls
 b - a scroll of fog
 c - a scroll of magic mapping
 d - a scroll of fear
 h - 2 scrolls of identify {unknown}
Potions
 e - a potion of haste


   Skills:
 + Level 3.0 Fighting
 + Level 2.0 Axes
 + Level 2.0 Dodging
 + Level 6.6 Stealth


You couldn't memorise any spells.
You didn't know any spells.
Your spell library was empty.

Dungeon Overview and Level Annotations

Branches:
Dungeon (6/15)
 Temple: D:4-7

Altars:
The Shining One


Innate Abilities, Weirdness & Mutations

You cannot wear most types of armour.
You are amphibious.
You can wear up to eight rings at the same time.
Your skin changes colour to match your surroundings (Stealth+).
Your rubbery body absorbs attacks. (AC +1, EV +1)
((You are camouflaged when in or above water. (Stealth+)))
You have tentacles for arms and can constrict up to eight enemies at once.


Message History

You climb upwards.
Found a scroll labelled URABOBBAURI.
There is a stone staircase leading down here.
An orc zombie comes into view.
A white imp comes into view.
Found a glowing golden altar of the Shining One.
You see here a scroll labelled URABOBBAURI.
h - 2 scrolls labelled URABOBBAURI (gained 1)
You open the door.
An orc skeleton comes into view.
A goblin zombie comes into view.
There is an open door here.
The helpless orc zombie fails to defend itself.
You slash the orc zombie!
You destroy the orc zombie!
The white imp shouts!
The white imp closely misses you.
You barely miss the white imp. You grab the white imp.
You constrict the white imp, but do no damage.
The white imp gestures at you. The puff of frost hits you!
Ouch! That really hurt!
* * * LOW HITPOINT WARNING * * *
You barely miss the white imp. You constrict the white imp.
The white imp closely misses you.
You hit the white imp but do no damage.
The white imp is lightly wounded.
You constrict the white imp. The white imp misses you.
Okay, then.
It was a potion of cancellation.
You feel magically purged.
You constrict the white imp.
The goblin zombie hits you but does no damage.
The orc skeleton hits you but does no damage.
The white imp gestures at you. The puff of frost hits you.
* * * LOW HITPOINT WARNING * * *
You feel yourself speed up.
You constrict the white imp, but do no damage.
The white imp hits you.
You die...

#.......#
###.......##
#.............
#.............
#..##...####..#
#..###.+#.# ..#
#..##.....# .#
#...#.Z...#
#...'@5_..+
.......#.Z...#
##.#..##.....#
#.#..##.#+###
#....####
###... #..


You could see a white imp, a goblin zombie and an orc skeleton.

Vanquished Creatures
  An orc zombie (D:5)
1 creature vanquished.

Notes
Turn   | Place    | Note
-------+----------+-------------------------------------------
     0 | D:5      | croobank the Octopode Delver began the quest for the Orb.
     0 | D:5      | Reached XP level 1. HP: 16/16 MP: 1/1
    67 | D:5      | Found a glowing golden altar of the Shining One.
    83 | D:5      | Slain by a white imp

Illustrated notes

Levels and vault maps discovered:
D:5:      layout_loops_cross, nicolae_tso_besieged_by_evil,
          kennysheep_generic_room_14
D:6:      layout_layer_cave

Action                   || total
-------------------------++-------
Melee: Hand axe          ||     4
       Constrict         ||     1
  Use: Potion            ||     2
 Stab: Sleeping          ||     1
Armor: Skin              ||     2
Dodge: Dodged            ||     3
